 Dungeon Sprint DCSS version 0.32-a0-411-g744942f433 (webtiles) character file.

Game seed: 13788629724847726264

29 shadowstone the Skirmisher (level 5, -11/42 HPs)
             Began as a Coglin Hunter on Feb 20, 2024.
             Was a Follower of Yredelemnul.
             Mangled by an ice devil (22 damage)
             ... summoned by a kobold demonologist
             ... in the Dungeon (Sprint VI: "Thunderdome").
             The game lasted 00:03:19 (366 turns).

shadowstone the Skirmisher (Coglin Hunter)           Turns: 366, Time: 00:03:20

Health: -11/42     AC:  3    Str: 14    XL:     5   Next: 72%
Magic:  5/5        EV: 13    Int:  8    God:    Yredelemnul [*.....]
Gold:   145        SH:  0    Dex: 17    Spells: 4/4 levels left

rFire   . . .        n - +0 hand cannon {Myungok}
rCold   . . .        (no shield)
rNeg    . . .        c - +0 leather armour
rPois   .            (no helmet)
rElec   .            (no cloak)
rCorr   .            (no gloves)
SInv    .            (no boots)
Will    .....        (no amulet)
Stlth   ++           (no ring)
HPRegen 0.27/turn    (no ring)
MPRegen 0.09/turn

%: no teleportation
@: wreathed by umbra, revved
A: off-hand wielding, slow wielding, warmup strikes, legs shutdown
a: Renounce Religion, Light the Black Torch, Recall Undead Harvest


You were in the Dungeon.
You worshipped Yredelemnul.
Yredelemnul was noncommittal.
You visited 1 branch You collected 250 gold pieces.
You spent 105 gold pieces at shops.

Inventory:

Hand Weapons
 a - a +0 shortbow {Akhenaten}
 n - a +0 hand cannon (weapon) {Myungok}
Armour
 c - a +0 leather armour (worn)
Wands
 k - a wand of quicksilver (5)
 l - a wand of roots (5)
Scrolls
 b - a scroll of butterflies
 i - 4 scrolls of blinking
 m - 3 scrolls of fog
Potions
 d - a potion of curing
 e - 4 potions of heal wounds
 f - 4 potions of haste
 g - 2 potions of magic
 h - a potion of berserk rage
 j - a potion of resistance


   Skills:
 + Level 4.1 Fighting
 + Level 9.9 Ranged Weapons
 + Level 1.4 Armour
 + Level 3.2 Dodging
 + Level 0.7 Stealth


You had 4 spell levels left.
You didn't know any spells.
Your spell library was empty.

Dungeon Overview and Level Annotations

Branches:
Dungeon (1/1)

Altars:
Makhleb
Okawaru
Trog
Wu Jian
Xom
Yredelemnul

Shops:
D **[(


Innate Abilities, Weirdness & Mutations

You can wield a second weapon in your off-hand.
It takes a long time for you to wield or remove held weapons.
Your first few attacks do less damage.
Attacking and casting redirects power from your legs.


Message History

You start resting.
A kobold demonologist comes into view. It is wielding a +0 dagger.
Okay, then.
A kobold demonologist is nearby!
A kobold demonologist is nearby!
Okay, then.
Unknown command.
The kobold demonologist hits your kobold brigand zombie with a +0 dagger.
Your kobold brigand zombie hits the kobold demonologist.
The kobold demonologist mumbles some strange words.
Your kobold brigand zombie hits the kobold demonologist but does no damage.
You shoot a bolt. The bolt hits the chaos spawn.
The chaos spawn is moderately wounded.
The kobold demonologist gestures wildly while chanting.
Your kobold brigand zombie misses the kobold demonologist.
The kobold demonologist miscasts a cantrip.
You shoot a bolt. The bolt hits the chaos spawn!
The chaos spawn is heavily wounded.
Your kobold brigand zombie misses the kobold demonologist.
The kobold demonologist hits your kobold brigand zombie with a +0 dagger.
You shoot a bolt. The bolt hits the chaos spawn!!
You kill the chaos spawn!
The chaos spawn degenerates into a cloud of primal chaos!
Your kobold brigand zombie misses the kobold demonologist.
You shoot a bolt. The bolt closely misses the ice devil.
The ice devil closely misses you.
Your kobold brigand zombie hits the kobold demonologist.
You shoot a bolt. The bolt hits the ice devil.
The ice devil is lightly wounded.
The ice devil misses you.
You shoot a bolt.
The bolt hits the ice devil but does no damage.
The ice devil is lightly wounded.
The kobold demonologist hits you with a +0 dagger.
The ice devil hits you!
* * * LOW HITPOINT WARNING * * *
The ice devil freezes you!!
Ouch! That really hurt!
You die...
Your body rises from the dead as a mindless zombie.

.# #...###.....
........###........
...÷..ß.# #.ß......
_......###......_.
#.ß.........ß.###
#⌠...........⌠#
###.........###
#_..)4[.._#
#_÷○@KZ.._#
#..○......#
#∩.......∩#
##∩.....∩##
##.....## ##⌠)⌠##
#####


You could see an ice devil (summoned), a kobold demonologist (ally target) and a
friendly kobold brigand zombie.

Vanquished Creatures
  A phantom (D)
  A kobold brigand (D)
  Terence (D)
  An adder (D)
  An adder zombie (D)
  A bat skeleton (D)
  A bat zombie (D)
  A giant cockroach (D)
  A quokka (D)
  A giant cockroach zombie (D)
  A kobold (D)
11 creatures vanquished.

Notes
Turn   | Place    | Note
-------+----------+-------------------------------------------
     0 | D        | shadowstone the Coglin Hunter began the quest for the Orb.
     0 | D        | Reached XP level 1. HP: 16/16 MP: 1/1
     5 | D        | Round 1.
     6 | D        | Found a shimmering altar of Xom.
     6 | D        | Found an ornate altar of the Wu Jian Council.
     7 | D        | Found a bloodstained altar of Trog.
     9 | D        | Found an iron altar of Okawaru.
     9 | D        | Found a basalt altar of Yredelemnul.
     9 | D        | Found Marouw's Weapon Rack.
     9 | D        | Found Xiukhlut's Premium Goods.
    10 | D        | Found Jathromn's Basic Armour.
    10 | D        | Found Vamem's Miscellaneous Merchandise.
    17 | D        | Bought a +0 hand cannon for 105 gold pieces
    56 | D        | Found a burning altar of Makhleb.
    83 | D        | Noticed Terence
    87 | D        | Killed Terence
    88 | D        | Reached skill level 6 in Ranged Weapons
    88 | D        | Reached XP level 2. HP: 23/23 MP: 2/2
    88 | D        | Reached XP level 3. HP: 28/28 MP: 3/3
   100 | D        | Became a worshipper of Yredelemnul the Fallen
   143 | D        | Arena points: 5 (+5) [x1]
   158 | D        | Round 2.
   231 | D        | Noticed a phantom
   238 | D        | Killed a phantom
   239 | D        | Reached skill level 8 in Ranged Weapons
   239 | D        | Reached skill level 1 in Armour
   239 | D        | Reached XP level 4. HP: 28/35 MP: 4/4
   239 | D        | Reached XP level 5. HP: 33/41 MP: 5/5
   255 | D        | Arena points: 29 (+24) [x2]
   317 | D        | Round 3.
   332 | D        | Noticed a kobold brigand
   339 | D        | Killed a kobold brigand
   339 | D        | Reached * piety under Yredelemnul
   340 | D        | Reached skill level 9 in Ranged Weapons
   355 | D        | Noticed a kobold demonologist
   361 | D        | Noticed a chaos spawn
   362 | D        | Noticed an ice devil
   366 | D        | Mangled by an ice devil

Illustrated notes

Levels and vault maps discovered:
D:        arena_sprint

Skill      XL: |  1  2  3  4  5 |
---------------+----------------+-----
Ranged Weapons | 6 8 9 |  9.9
Dodging        | 2 3 |  3.2
Fighting       | 3 4 |  4.1
Armour         | 1 |  1.4
Stealth        | |  0.7

Action                     |  1- 3 |  4- 6 || total
---------------------------+-------+-------++-------
   Fire: Hand cannon       |    22 |    20 ||    42
 Invoke: Light the Black T |     1 |       ||     1
 Armour: Leather armour    |     7 |     2 ||     9
  Dodge: Dodged            |     9 |     3 ||    12

Table legend: (Time is in decaauts)
 A = Elapsed time spent in this place.
 B = Non-inter-level travel time spent in this place.
 C = Inter-level travel time spent in this place.
 D = Time resting spent in this place.
 E = Time spent auto-exploring this place.
 F = Levels seen in this place.
 G = Mean time per level.
                   A        B        C        D        E       F      G
               +--------+--------+--------+--------+--------+-----+--------+
         Total |    389 |    379 |     10 |    233 |      0 |   1 |  389.0 |
       Dungeon |    389 |    379 |     10 |    233 |      0 |   1 |  389.0 |
               +--------+--------+--------+--------+--------+-----+--------+

Top non-repeatable levels by time:
       D: 389 daAuts
